 Dungeon Crawl Stone Soup version 0.22-a0-443-g17c3723 (webtiles) character file.

4 KristoblXynda the Magician (level 1, 0/16 HPs)
             Began as a Troll Wizard on June 1, 2018.
             Slain by a goblin
             ... wielding a +0 club
              (5 damage)
             ... on level 1 of the Dungeon.
             The game lasted 00:00:18 (35 turns).

KristoblXynda the Magician (Troll Wizard)             Turns: 35, Time: 00:00:19

Health: 0/16       AC:  5    Str: 14    XL:     1   Next: 58%
Magic:  2/2        EV:  9    Int: 14    God:
Gold:   0          SH:  0    Dex:  8    Spells: 3/4 levels left

rFire    . . .     SeeInvis .   (no weapon)
rCold    . . .     Gourm    +   (no shield)
rNeg     . . .     Faith    .   a - +0 robe
rPois    .         Spirit   .   b - +0 hat
rElec    .         Reflect  .   (no cloak)
rCorr    .         Harm     .   (gloves unavailable)
MR       .....                  (boots unavailable)
Stlth    +.........             (no amulet)
HPRegen  0.45/turn              (no ring)
MPRegen  0.08/turn              (no ring)

@: no status effects
A: large, unfitting armour, claws 3, fast metabolism 3, gourmand, regeneration
1, shaggy fur 1, tough skin 2
a: no special abilities


You were on level 1 of the Dungeon.
You were not hungry.

You visited 1 branch of the dungeon, and saw 1 of its levels.

Inventory:

Armour
 a - a +0 robe (worn)
 b - a +0 hat (worn)
Comestibles
 d - 2 rations


   Skills:
 - Level 1.5 Dodging
 - Level 1.0 Stealth
 * Level 0.7 Unarmed Combat
 - Level 2.0 Spellcasting
 * Level 1.0 Conjurations
   Level 0.6 Summonings
   Level 0.6 Translocations


You had 3 spell levels left.
You knew the following spells:

 Your Spells              Type           Power        Failure   Level  Hunger
a - Magic Dart            Conj           #...         16%         1    ##.....

Your spell library contained the following spells:

 Spells                   Type           Power        Failure   Level  Hunger
 Conjure Flame            Conj/Fire      #.......     50%         3    ####...
 Slow                     Hex            #.......     34%         2    ###....
 Mephitic Cloud           Conj/Pois/Air  #.......     52%         3    ####...
 Blink                    Tloc           N/A          28%         2    ###....
 Call Imp                 Summ           #.......     28%         2    ###....


Dungeon Overview and Level Annotations

Branches:
Dungeon (1/15)

Altars:


Innate Abilities, Weirdness & Mutations

You are too large for most types of armour.
You have claws for hands.
Your metabolism is lightning-fast.
You like to eat raw meat.
Your natural rate of healing is unusually fast.
You are covered in fur. (AC +1)
You have very tough skin. (AC +2)


Message History

You see here a hobgoblin corpse.
You butcher the hobgoblin corpse.
The goblin hits you with a club.
You see here a chunk of flesh.
You barely miss the goblin. The goblin hits you with a club.
The kobold hits you but does no damage.
You closely miss the kobold. The kobold hits you but does no damage.
You barely miss the kobold. The goblin barely misses you.
The kobold hits you but does no damage.
You closely miss the kobold. The goblin hits you but does no damage.
The kobold barely misses you.
You closely miss the kobold. The goblin hits you with a club.
The kobold closely misses you.
You miss the kobold. The goblin completely misses you.
You scratch the kobold.
You kill the kobold!
Your Conjurations skill increases to level 1!
The goblin hits you with a club.
* * * LOW HITPOINT WARNING * * *
The goblin hits you with a club.
You die...

#§§§≈≈#.#§§§§§#
##≈≈≈≈#'#≈≈§§##
.######.###### #
.........# ###.#
#####.##.## ...
#. #..####.#
#.##.......# ###.
#..........#!.)..
####....%@..%(#
#.....g###.#
#..........#
#........%...
####(..###.##
##..# # #..# ##.#
.#


You could see a goblin.

Vanquished Creatures
  A ball python (D:1)
  A hobgoblin (D:1)
  A kobold (D:1)
  A rat (D:1)
4 creatures vanquished.

Notes
Turn   | Place    | Note
-------+----------+-------------------------------------------
     0 | D:1      | KristoblXynda the Troll Wizard began the quest for the Orb.
     0 | D:1      | Reached XP level 1. HP: 16/16 MP: 2/2
    34 | D:1      | Reached skill level 1 in Conjurations
    35 | D:1      | Slain by a goblin

Vault maps used:
D:1:      saegor_arrival_miasma, minmay_tromino_i4

Skill      XL: |  1 |
---------------+----+-----
Conjurations   | 1 |  1.0
Dodging        | |  1.5
Stealth        | |  1.0
Unarmed Combat | |  0.7
Spellcasting   | |  2.0
Summonings     | |  0.6
Translocations | |  0.6

Action                   || total
-------------------------++-------
Melee: Unarmed           ||    17
Armor: Robe              ||     6
Dodge: Dodged            ||     7

Table legend:
 A = Spawn XP
 B = Non-spawn XP
 C = Spawn XP percentage of total XP
 D = Spawn monster count
 E = Non-spawn monster count
 F = Spawn count percentage of total count
 G = Total turns spent on level
                    A         B        C        D         E        F      G
               +---------+---------+-------+---------+---------+-------+---------
         Total |       0 |       7 |   0.0 |       0 |       4 |   0.0 |    35
               +---------+---------+-------+---------+---------+-------+---------
           D:1 |       0 |       7 |   0.0 |       0 |       4 |   0.0 |    35
               +---------+---------+-------+---------+---------+-------+---------
